 Dungeon Crawl Stone Soup version 0.19-a0-1899-g2d93087 (webtiles) character file.

8062 Duralumin the Severer (level 11, -2/98 (99) HPs)
             Began as a Hill Orc Chaos Knight on Oct 20, 2016.
             Slain by a demonic crawler (3 damage)
             ... summoned by a deep elf mage
             ... while paralysed
             ... in a bailey.
             The game lasted 00:27:50 (5857 turns).

Duralumin the Severer (Hill Orc Chaos Knight)       Turns: 5857, Time: 00:27:51

HP:   -2/98 (99)    AC: 10    Str: 19    XL:     11   Next: 25%
MP:   11/11         EV:  2    Int: 14    God:    Xom [....*.]
Gold: 292           SH:  0    Dex: 12    Spells: 0 memorised, 10 levels left

rFire  . . .     SeeInvis +     N - +2 hand axe (freeze)
rCold  . . .     Gourm    .     v - +1 scale mail
rNeg   . . .     Faith    .     (no shield)
rPois  .         Spirit   .     (no helmet)
rElec  .         Reflect  .     k - +0 cloak
rCorr  .         Harm     .     (no gloves)
MR     +....                    (no boots)
Stlth  ..........               y - amulet of rage
                                E - ring of protection from magic
                                l - ring of see invisible

@: paralysed, exhausted, cleaving, slowed, drained
A: large bone plates 2, see invisible, agile 1, blink, clever 1, mutation
resistance 1, regeneration 1, wild magic 2
a: Blink, Renounce Religion, Evoke Berserk Rage


You were in a bailey.
You worshipped Xom.
You were a beloved toy of Xom.
You were not hungry.

You visited 1 branch of the dungeon, and saw 9 of its levels.
You also visited: Bailey.

You collected 292 gold pieces.

Inventory:

Hand Weapons
 a - a +1 hand axe of chaos
 s - a cursed -2 blowgun
 N - a +2 hand axe of freezing (weapon)
Missiles
 t - 8 poisoned needles
 I - 3 steel tomahawks (quivered)
Armour
 b - a +2 leather armour
 k - a +0 cloak (worn)
 v - a +1 scale mail (worn)
 D - the +3 leather armour of Divine Compulsion {MR+ rCorr}
   (You found it on level 7 of the Dungeon)

   It affects your resistance to hostile enchantments.
   It protects you from acid and corrosion.
Jewellery
 l - a ring of see invisible (left hand)
 y - an amulet of rage (around neck)
 E - a ring of protection from magic (right hand)
Wands
 j - a wand of teleportation (5/9)
 m - a wand of confusion (26/48)
 p - a wand of iceblast (6/15)
 x - a wand of confusion (17/48)
 z - a wand of disintegration (17/24)
 A - a wand of digging (13/24)
Scrolls
 e - 2 scrolls of remove curse
 g - 2 scrolls of magic mapping
 h - a scroll of enchant weapon
 i - 2 scrolls of identify
 n - a scroll of teleportation
 J - a scroll of fog
 M - a scroll of enchant armour
 O - a scroll of amnesia
Potions
 o - 2 potions of flight
 q - 2 potions of invisibility
 r - 2 potions of might
 u - 3 potions of haste
 w - a potion of cure mutation
 B - 2 potions of curing
 F - 2 potions of berserk rage
Books
 C - a book of Geomancy

   Spells                             Type                      Level
   a - Sandblast                      Earth                        1
   b - Passwall                       Transmutation/Earth          2
   c - Stone Arrow                    Conjuration/Earth            3
   d - Petrify                        Transmutation/Earth          4
   e - Lee's Rapid Deconstruction     Earth                        5
 G - a book of Flames

   Spells                             Type                      Level
   a - Flame Tongue                   Conjuration/Fire             1
   b - Throw Flame                    Conjuration/Fire             2
   c - Conjure Flame                  Conjuration/Fire             3
   d - Inner Flame                    Hexes/Fire                   3
   e - Sticky Flame                   Conjuration/Fire             4
   f - Fireball                       Conjuration/Fire             5
Comestibles
 c - 6 bread rations
 d - 2 meat rations
 f - 2 slices of pizza
 H - 5 chunks of flesh
 K - 3 royal jellies
 L - 2 fruits


   Skills:
 + Level 9.8(9.2) Fighting
 - Level 15.0(14.3) Axes
 - Level 5.3(4.7) Throwing
 + Level 8.8(8.1) Armour
 - Level 0.7(0.2) Dodging


You had 10 spell levels left.
You didn't know any spells.

Dungeon Overview and Level Annotations

Branches:
Dungeon (9/15)             Temple (0/1) D:6            Lair (0/6) D:9
    Orc: D:9-12

Altars:
Gozag
Makhleb
Ru
Trog
Uskayaw
Xom
Yredelemnul


Innate Abilities, Weirdness & Mutations

You are mostly covered in large bone plates. (SH +6)
You have supernaturally acute eyesight. (SInv)
You are agile. (Dex +2)
You can translocate small distances at will.
Your mind is acute. (Int +2)
You are somewhat resistant to further mutation.
Your natural rate of healing is unusually fast.
Your spells are harder to cast, but more powerful.


Message History

* * * LOW HITPOINT WARNING * * *
The demonic crawler barely misses you.
The deep elf mage hits you with a dagger.
* * * LOW HITPOINT WARNING * * *
The demonic crawler barely misses you.
The demonic crawler hits you but does no damage.
The demonic crawler hits you!
* * * LOW HITPOINT WARNING * * *
The orange demon stings you from afar.
* * * LOW HITPOINT WARNING * * *
The hellwing hits you but does no damage. x2
The demonic crawler hits you but does no damage. x2
The demonic crawler hits you!
* * * LOW HITPOINT WARNING * * *
The jumping spider pounces on you.
* * * LOW HITPOINT WARNING * * *
The jumping spider bites you but does no damage.
The demonic crawler hits you.
You die...
Xom bursts into laughter!

##e..# #...##
#..... .....#
#..... .....#
e e #.....
§....# e
#...)#)§..#
#####e#####
##....#)...##
#.....#.4ss.#
#..∩..#..so.#
#.....#..es4#
###...###..r##
##..##'######.
#..)§##...##
..
#....#.....#
...
##..##..∩..#
..#
######...##
### #####


You could see 3 demonic crawlers, an orange demon, a hellwing, 2 deep elf magi,
a jumping spider and a hell rat.

Vanquished Creatures
  The ghost of Naow the Basher, a novice OgHu of the Shining One (D:5)
  A hill giant (D:6)
  Pikel (D:5)
  3 deep elf magi (Bailey)
  Psyche (D:8)
  A hornet (D:5)
  Prince Ribbit (D:5)
  A hippogriff (D:7)
  9 yaks
  A wyvern (D:8)
  Menkaure (D:4)
  A sky beast (D:8)
  A slave (D:5)
  4 centaurs
  A necrophage (D:8)
  An ogre (D:8)
  4 phantoms
  A big kobold (D:9)
  4 bullfrogs
  A wyvern skeleton (D:6)
  A scorpion (D:6)
  A howler monkey (D:9)
  3 crimson imps
  2 hounds
  An iron imp (D:8)
  3 orc priests
  A jelly (D:6)
  2 bullfrog skeletons (D:5)
  Crazy Yiuf (D:7)
  9 orc wizards
  An iguana (D:6)
  2 worker ants
  2 hound skeletons (D:7)
  A worker ant zombie (D:7)
  9 adders
  6 gnolls
  3 howler monkey skeletons
  A shadow imp (D:8)
  An ooze (D:2)
  An adder skeleton (D:7)
  5 worms
  A dart slug (D:2)
  3 leopard geckos
  22 orcs
  16 bats
  8 giant cockroaches
  12 goblins
  5 hobgoblins
  14 kobolds
  2 quokkas
  2 frilled lizards
  2 leopard gecko skeletons
  2 quokka skeletons
  8 rats
192 creatures vanquished.

Vanquished Creatures (collateral kills)
  Erica (D:8)
  A crimson imp (D:8)
  An orc wizard (D:4)
3 creatures vanquished.

Vanquished Creatures (others)
  A deep elf mage (Bailey)
  An orc (D:5)
  2 quokkas (D:5)
4 creatures vanquished.

Grand Total: 199 creatures vanquished

Notes
Turn   | Place    | Note
-------+----------+-------------------------------------------
     0 | D:1      | Duralumin the Hill Orc Chaos Knight began the quest for the Orb.
     0 | D:1      | Reached XP level 1. HP: 19/19 MP: 1/1
    29 | D:1      | XOM: silly message
   168 | D:1      | Reached XP level 2. HP: 26/26 MP: 2/2
   257 | D:1      | Reached skill level 5 in Axes
   331 | D:1      | XOM: divination: detect items
   623 | D:1      | XOM: god gift: halberd {god gift}
   681 | D:1      | XOM: harmless Tloc miscast
   776 | D:1      | XOM: give mutation
   776 | D:1      | Gained mutation: Your mind is acute. (Int +2) [Xom's grace]
   893 | D:2      | Reached XP level 3. HP: 31/31 MP: 3/3
   896 | D:2      | XOM: fog
   914 | D:2      | XOM: give mutations
   914 | D:2      | Gained mutation: You are partially covered in large bone plates. (SH +4) [Xom's grace]
   914 | D:2      | Gained mutation: Your spells are a little harder to cast, but a little more powerful. [Xom's grace]
   914 | D:2      | Gained mutation: You can translocate small distances at will. [Xom's grace]
   914 | D:2      | Gained mutation: Your natural rate of healing is unusually fast. [Xom's grace]
   927 | D:2      | Reached skill level 6 in Axes
  1027 | D:2      | Found a bloodstained altar of Trog.
  1107 | D:2      | Reached XP level 4. HP: 35/39 MP: 4/4
  1308 | D:2      | XOM: god gift: 20 stones
  1584 | D:3      | Reached skill level 7 in Axes
  1686 | D:3      | Reached XP level 5. HP: 14/45 MP: 5/5
  1843 | D:3      | Found a sacrificial altar of Ru.
  1913 | D:3      | Found a shimmering altar of Xom.
  2028 | D:3      | XOM: give mutations
  2028 | D:3      | Gained mutation: You are agile. (Dex +2) [Xom's grace]
  2028 | D:3      | Gained mutation: You are mostly covered in large bone plates. (SH +6) [Xom's grace]
  2028 | D:3      | Gained mutation: Your spells are harder to cast, but more powerful. [Xom's grace]
  2028 | D:3      | Gained mutation: You are somewhat resistant to further mutation. [Xom's grace]
  2078 | D:3      | Reached skill level 8 in Axes
  2174 | D:4      | Noticed a phantom
  2185 | D:4      | XOM: summons friendly crimson imp
  2212 | D:4      | Noticed Menkaure
  2218 | D:4      | XOM: enchant monster (good)
  2225 | D:4      | Killed Menkaure
  2225 | D:4      | Reached skill level 9 in Axes
  2225 | D:4      | Reached XP level 6. HP: 30/51 MP: 6/6
  2380 | D:4      | XOM: divination: detect items
  2402 | D:4      | XOM: divination: detect creatures
  2407 | D:4      | XOM: silly message
  2409 | D:4      | XOM: swap monsters
  2458 | D:4      | Killed a phantom
  2458 | D:4      | Reached skill level 10 in Axes
  2458 | D:4      | Reached XP level 7. HP: 44/57 MP: 7/7
  2687 | D:5      | Entered Level 5 of the Dungeon
  2691 | D:5      | XOM: blink monster(s)
  2699 | D:5      | XOM: cleaving
  2823 | D:5      | XOM: noise
  2839 | D:5      | Noticed Pikel
  2851 | D:5      | Killed Pikel
  2851 | D:5      | Reached skill level 12 in Axes
  2851 | D:5      | Reached XP level 8. HP: 45/64 MP: 8/8
  2912 | D:5      | XOM: medium Summ miscast
  2972 | D:5      | XOM: smoke on damage
  3022 | D:5      | XOM: harmless Summ miscast
  3023 | D:5      | XOM: summons 2 friendly demons
  3032 | D:5      | Reached skill level 13 in Axes
  3078 | D:5      | Noticed Prince Ribbit
  3083 | D:5      | XOM: divination: detect creatures
  3100 | D:5      | Killed Prince Ribbit
  3174 | D:5      | XOM: 3-stop teleportation journey
  3210 | D:5      | XOM: mild Divn miscast
  3337 | D:5      | XOM: medium Divn miscast
  3352 | D:5      | Noticed a hornet
  3352 | D:5      | an ice beast changed into a hornet
  3431 | D:5      | XOM: stat loss: -1 Dex (9/12)
  3558 | D:5      | Noticed Naow's ghost (novice OgHu)
  3572 | D:5      | XOM: summons 1 hostile shadow creature
  3573 | D:5      | Killed Naow's ghost
  3573 | D:5      | Reached skill level 15 in Axes
  3573 | D:5      | Reached XP level 9. HP: 70/70 MP: 9/9
  3677 | D:5      | Killed a hornet
  3677 | D:5      | Reached skill level 1 in Throwing
  3789 | D:6      | Found an opulent altar of Gozag.
  3836 | D:6      | XOM: confusion
  3839 | D:6      | XOM: cast spell 'Ring of Flames'
  3850 | D:6      | Noticed a hill giant
  3850 | D:6      | XOM: confuse monster(s)
  3879 | D:6      | XOM: fog
  3882 | D:6      | Found a staircase to the Ecumenical Temple.
  3885 | D:6      | Killed a hill giant
  3885 | D:6      | Reached skill level 5 in Fighting
  4183 | D:6      | XOM: scenery: create altars
  4262 | D:7      | Reached XP level 10. HP: 83/83 MP: 10/10
  4264 | D:7      | XOM: 7-stop teleportation journey
  4337 | D:7      | XOM: 3-stop teleportation journey
  4380 | D:7      | Reached skill level 5 in Armour
  4397 | D:7      | Found a basalt altar of Yredelemnul.
  4405 | D:7      | XOM: enchant monster (bad)
  4408 | D:7      | XOM: enchant monster (good)
  4558 | D:7      | Got a bloodstained leather armour
  4604 | D:7      | Identified the +3 leather armour of Divine Compulsion {MR+ rCorr} (You found it on level 7 of the Dungeon)
  4886 | D:7      | Found a runed door.
  4890 | D:7      | Noticed Crazy Yiuf
  4895 | D:7      | Killed Crazy Yiuf
  4961 | D:8      | Noticed Psyche
  4976 | D:8      | Killed Psyche
  5010 | D:8      | Found a burning altar of Makhleb.
  5213 | D:8      | Found a hide-covered altar of Uskayaw.
  5219 | D:8      | XOM: cloud trail
  5231 | D:8      | Noticed Erica
  5231 | D:8      | XOM: silly message
  5236 | D:8      | XOM: cleaving
  5248 | D:8      | XOM: cast spell 'Monstrous Menagerie'
  5251 | D:8      | Killed Erica
  5251 | D:8      | Reached skill level 5 in Throwing
  5374 | D:8      | XOM: give mutation
  5374 | D:8      | Gained mutation: You have supernaturally acute eyesight. (SInv) [Xom's grace]
  5627 | D:9      | XOM: destruction
  5636 | D:9      | Reached XP level 11. HP: 94/94 MP: 11/11
  5706 | D:9      | XOM: cleaving
  5746 | D:9      | Found a flagged portal.
  5760 | Bailey   | Entered a bailey
  5767 | Bailey   | Noticed a deep elf mage
  5785 | Bailey   | XOM: divination: detect creatures
  5790 | Bailey   | Killed a deep elf mage
  5834 | Bailey   | XOM: silly message
  5837 | Bailey   | Noticed a deep elf mage
  5838 | Bailey   | Noticed a deep elf mage
  5838 | Bailey   | Noticed a deep elf mage
  5839 | Bailey   | Noticed a deep elf mage
  5839 | Bailey   | Noticed a deep elf mage
  5845 | Bailey   | Killed a deep elf mage
  5846 | Bailey   | Noticed a deep elf mage
  5846 | Bailey   | Killed a deep elf mage
  5847 | Bailey   | Killed a deep elf mage
  5847 | Bailey   | XOM: divine lightning (protected)
  5856 | Bailey   | HP: 2/98 [demonic crawler[a deep elf mage] (9)]
  5857 | Bailey   | Slain by a demonic crawler

Vault maps used:
D:1:      evilmike_arrival_crescent
D:2:      trog_three_pillars_becter
D:3:      nicolae_overflow_hidden_temple, tgw_xom, overflow_temple_1_default
D:4:      uniq_menkaure
D:5:      first_bread, uniq_prince_ribbit1, uniq_pikel
D:6:      old_standard_altar
D:7:      kennysheep_mini, uniq_crazy_yiuf_cottage
D:8:      eat_drink_and_be_merry_uskayaw, makhleb_grotto_becter, uniq_erica,
          uniq_psyche
D:9:      nemelex_xobeh_ov_fountains_minmay,
          chequers_temple_overflow_minitemple, david_lair_shrubbed,
          enter_bailey_3, basic_altar, uniq_erolcha, uniq_gastronok
Bailey:   bailey_polearm_3, bailey

Skill      XL: |  1  2  3  4  5  6  7  8  9 10 11 |
---------------+----------------------------------+-----
Axes           | 5 6 7 9 10 12 15 | 15.0
Fighting       | 6 8 9 |  9.8
Throwing       | 3 5 |  5.3
Armour         | 4 7 8 |  8.8
Dodging        | |  0.7

Action                   |  1- 3 |  4- 6 |  7- 9 | 10-12 || total
-------------------------+-------+-------+-------+-------++-------
Melee: Hand axe          |    96 |   170 |   283 |   248 ||   797
Throw: Tomahawk          |       |       |     7 |     7 ||    14
 Abil: Evoke Berserk Rag |       |     1 |     3 |     3 ||     7
Evoke: Wand              |       |       |     1 |       ||     1
  Use: Scroll            |       |       |    14 |     2 ||    16
       Potion            |       |       |     4 |     1 ||     5
 Stab: Confused          |       |     3 |     4 |       ||     7
       Petrifying        |       |       |     1 |       ||     1
       Paralysed         |       |       |     2 |     5 ||     7
       Petrified         |       |       |       |     4 ||     4
  Eat: Chunk             |     1 |     5 |     4 |     8 ||    18
       Meat ration       |       |       |     1 |       ||     1
Armor: Leather armour    |    46 |    29 |    25 |       ||   100
       Scale mail        |       |       |    24 |    73 ||    97
Dodge: Dodged            |    56 |    65 |    83 |    70 ||   274
Block: Other             |     6 |    21 |    44 |    51 ||   122
